 Dungeon Crawl Stone Soup version 0.29.1-15-g9cfb28693d (webtiles) character file.

Game seed: 8545698845991899504

384 BeachedTurtle the Cleaver (level 6, 0/50 (52) HPs)
             Began as a Minotaur Berserker on Feb 25, 2023.
             Was a Believer of Trog.
             Slain by Dowan
             ... wielding a +4 dagger of draining
              (1 damage)
             ... on level 6 of the Dungeon on Feb 26, 2023.
             The game lasted 00:37:03 (4478 turns).

BeachedTurtle the Cleaver (Minotaur Berserker)      Turns: 4478, Time: 00:37:04

HP:   0/50 (52)     AC:  8    Str: 24    XL:     6   Next: 47%
MP:   5/5           EV: 11    Int:  4    God:    Trog [**....]
Gold: 145           SH:  0    Dex:  9    Spells: 5/5 levels left

rFire   + . .      SeeInvis .   a - +0 hand axe
rCold   + . .      Faith    .   (no shield)
rNeg    . . .      Spirit   .   l - +0 ring mail
rPois   .          Reflect  .   (helmet restricted)
rElec   .          Harm     +   o - scarf {harm}
rCorr   .          Rampage  .   y - +0 pair of gloves
Will    .....                   s - +1 pair of boots of Vyfyrayf {rC+}
Stlth   ..........              (no amulet)
HPRegen 0.16/turn               i - ring of flight
MPRegen 0.09/turn               J - ring of protection from fire

@: flying, lightly drained
A: horns 2, retaliatory headbutt
a: Renounce Religion, Berserk, Trog's Hand


You were on level 6 of the Dungeon.
You worshipped Trog.
Trog was pleased with you.
You visited 1 branch of the dungeon, and saw 5 of its levels.

You collected 145 gold pieces.

Inventory:

Hand Weapons
 a - a +0 hand axe (weapon)
 g - a +3 mace
 n - a +0 short sword
 B - a +0 sling
 G - the +4 flail of Imbalance {freeze, Str-5 Dex+5}
   (You found it on level 3 of the Dungeon)

   It freezes those it strikes, dealing additional cold damage.
   It can also slow down cold-blooded creatures.
   Str:       It affects your strength (-5).
   Dex:       It affects your dexterity (+5).
 H - a +0 scythe
Missiles
 x - 3 datura-tipped darts (quivered)
Armour
 b - a +0 animal skin
 j - a +0 leather armour
 l - a +0 ring mail (worn)
 o - a scarf of harm (worn)
 s - the +1 pair of boots of Vyfyrayf (worn) {rC+}
   (You found it on level 3 of the Dungeon)

   rC:        It protects you from cold.
 y - a +0 pair of gloves (worn)
 A - a +0 helmet
 C - a +0 robe
 I - a +2 robe of willpower
Jewellery
 i - a ring of flight (left hand)
 J - a ring of protection from fire (right hand)
 K - an amulet of faith
Wands
 q - a wand of roots (10)
Scrolls
 f - a scroll of enchant weapon {unknown}
 k - 2 scrolls of magic mapping {unknown}
 p - a scroll of immolation {unknown}
 u - a scroll of amnesia {unknown}
 v - a scroll of brand weapon {unknown}
 w - a scroll of blinking {unknown}
 z - a scroll of noise {unknown}
 E - a scroll of teleportation {unknown}
 F - a scroll of identify {unknown}
 M - a scroll of poison {unknown}
Potions
 d - 2 potions of ambrosia {unknown}
 e - 4 potions of lignification {unknown}
 h - 2 potions of cancellation {unknown}
 m - a potion of berserk rage {unknown}
 t - 2 potions of brilliance {unknown}
 D - a potion of heal wounds {unknown}
 L - 2 potions of mutation {unknown}
 N - a potion of curing {unknown}


   Skills:
 - Level 4.0 Fighting
 + Level 8.6 Axes
 - Level 2.5 Armour
 - Level 2.2 Dodging


You had 5 spell levels left.
You didn't know any spells.
Your spell library was empty.

Dungeon Overview and Level Annotations

Branches:
Dungeon (4/15)
 Temple: D:4-7

Altars:
Elyvilon

Shops:
D:2 =

Annotations:
D:6 Dowan


Innate Abilities, Weirdness & Mutations

You have a pair of horns on your head.
You reflexively headbutt those who attack you in melee.


Message History

* * * LOW HITPOINT WARNING * * *
The orc warrior hits you from afar with a +0 halberd.
* * * LOW HITPOINT WARNING * * *
A phantom comes into view.
It was a potion of haste.
You feel yourself speed up.
The orc warrior hits you from afar with a +0 halberd.
* * * LOW HITPOINT WARNING * * *
Found a scroll labelled ONUUFO PUJUN.
Found a pair of embroidered boots.
Found 10 gold pieces.
Found 5 stones.
Found a rapier.
You start resting.
A phantom is nearby!
You see here 5 stones.
Found a ring mail.
Your extra speed is starting to run out.
Found a stone staircase leading down.
Found 15 gold pieces.
Dowan, Brother of Duvessa comes into view.
He is wielding a +4 dagger of draining.
Dowan shouts!
You feel yourself slow down.
You now have 145 gold pieces (gained 15).
Dowan says, "Magic and the sword, together, will defeat you."
Dowan gestures at you while chanting. The puff of frost hits you. You resist.
* * * LOW HITPOINT WARNING * * *
You start resting.
Dowan is nearby!
You barely miss Dowan.
Dowan hits you with a +4 dagger of draining.
* * * LOW HITPOINT WARNING * * *
You feel drained.
* * * LOW HITPOINT WARNING * * *
You closely miss Dowan. Dowan closely misses you.
You closely miss Dowan.
Dowan hits you with a +4 dagger of draining.
* * * LOW HITPOINT WARNING * * *
You feel drained.
You die...

#.........
##....#####
#....##
#...## #####
#....#
##...###...##
#W.eW.o.####
#e####.##
##@# #.# ###
#.# ###


You could see a phantom and Dowan.

Vanquished Creatures
  Sigmund (D:3)
  An orc priest (D:3)
  10 gnolls (D:3)
  An adder (D:3)
  A worm (D:3)
  2 dart slugs
  9 orcs
  3 ball pythons
  9 endoplasms
  6 goblins
  5 hobgoblins
  3 kobolds
  3 quokkas
  7 bats
  4 frilled lizards
  3 rats
68 creatures vanquished.

Notes
Turn   | Place    | Note
-------+----------+-------------------------------------------
     0 | D:1      | BeachedTurtle the Minotaur Berserker began the quest for
                  | the Orb.
     0 | D:1      | Reached XP level 1. HP: 19/19 MP: 0/0
   500 | D:1      | Found a faded altar of an unknown god.
   510 | D:1      | Reached XP level 2. HP: 24/27 MP: 1/1
   755 | D:1      | Reached skill level 4 in Axes
  1930 | D:2      | Reached XP level 3. HP: 33/33 MP: 2/2
  1939 | D:2      | Reached ** piety under Trog
  2188 | D:2      | Found Esoib's Jewellery Boutique.
  2633 | D:3      | Reached skill level 5 in Axes
  2654 | D:3      | Found a white marble altar of Elyvilon.
  2849 | D:3      | Reached XP level 4. HP: 38/40 MP: 3/3
  3073 | D:3      | Reached skill level 6 in Axes
  3076 | D:3      | Identified the +1 pair of boots of Vyfyrayf {rC+}
  3115 | D:3      | Noticed Sigmund
  3117 | D:3      | Identified the +4 flail of Imbalance {freeze, Str-5 Dex+5}
  3128 | D:3      | Killed Sigmund
  3129 | D:3      | Reached skill level 7 in Axes
  3129 | D:3      | Reached XP level 5. HP: 37/46 MP: 4/4
  3253 | D:3      | Reached XP level 6. HP: 52/52 MP: 5/5
  3333 | D:3      | Reached skill level 8 in Axes
  4350 | D:4      | You are sucked into a shaft and drop 2 floors!
  4363 | D:6      | Noticed an orc warrior
  4396 | D:6      | HP: 2/52 [orc warrior/+0 halberd (6)]
  4449 | D:6      | Noticed Dowan
  4478 | D:6      | HP: 1/51 [Dowan/+4 dagger of draining (3)]
  4478 | D:6      | Slain by Dowan

Illustrated notes

Levels and vault maps discovered:
D:1:      dpeg_arrival_stonehenge_8_columns, layout_basic,
          shapermc_ecumenical_altar_totnotflames, dreamdust_princess_bridge
D:2:      layout_loops_ring, serial_shops, nicolae_shop_waterfront
D:3:      minmay_door_path, layout_basic, old_standard_altar, chequers_jeans,
          kennysheep_path_1, minmay_misc_feat_enclosed, minivault_27,
          uniq_sigmund
D:4:      layout_gridville, cheibriados_altar_1,
          minmay_a_box_with_orc_wizards_in_it
D:6:      layout_layer_cave, roderic_roman_lattice, uniq_duvessa

Skill      XL: |  1  2  3  4  5  6 |
---------------+-------------------+-----
Fighting       | 4 |  4.0
Axes           | 4 5 7 8 |  8.6
Armour         | |  2.5
Dodging        | |  2.2

Action                   |  1- 3 |  4- 6 || total
-------------------------+-------+-------++-------
Melee: Hand axe          |   104 |    87 ||   191
       Headbutt          |    10 |    17 ||    27
       Punch             |     3 |       ||     3
  Use: Scroll            |       |     1 ||     1
       Potion            |       |     1 ||     1
Armor: Leather armour    |    17 |       ||    17
       Ring mail         |    10 |    20 ||    30
Dodge: Dodged            |    55 |    53 ||   108
